 Dungeon Crawl Stone Soup version 0.19.0 (webtiles) character file.

4180 Eucla the Pandemonic (level 10, -4/92 HPs)
             Began as a Hill Orc Monk on Nov 19, 2016.
             Was a High Priest of Makhleb.
             Slain by an orc warrior
             ... wielding a +4 halberd of protection
              (13 damage)
             ... on level 8 of the Dungeon.
             The game lasted 00:12:38 (7119 turns).

Eucla the Pandemonic (Hill Orc Monk)                Turns: 7119, Time: 00:12:39

Health: -4/92      AC: 14    Str: 17    XL:     10   Next: 28%
Magic:  19/19      EV:  9    Int: 18    God:    Makhleb [*****.]
Gold:   373        SH:  0    Dex: 14    Spells: 0 memorised, 9 levels left

rFire  . . .     SeeInvis .     H - +1 hand axe (vamp)
rCold  + . .     Gourm    .     l - +2 chain mail "Selanir" {*Corrode Int+6}
rNeg   + . .     Faith    .     (no shield)
rPois  +         Spirit   .     (helmet restricted)
rElec  .         Reflect  .     G - +0 cloak {rPois}
rCorr  .         Harm     .     (no gloves)
MR     .....                    x - +2 pair of boots
Stlth  ..........               h - amulet of regeneration
                                t - ring of positive energy
                                K - ring of protection from cold

@: no status effects
A: antennae 1, repulsion field 1, clever 1, regeneration 1, wild magic 1
a: Minor Destruction, Lesser Servant of Makhleb, Major Destruction, Greater
Servant of Makhleb, Renounce Religion


You were on level 8 of the Dungeon.
You worshipped Makhleb.
Makhleb was extremely pleased with you.
You were not hungry.

You visited 1 branch of the dungeon, and saw 8 of its levels.

You collected 610 gold pieces.
You spent 237 gold pieces at shops.

Inventory:

Hand Weapons
 a - a +0 hand axe
 p - a +1 war axe
 H - a +1 vampiric hand axe (weapon)
Armour
 l - the +2 chain mail "Selanir" (worn) {*Corrode Int+6}
   (You bought it in a shop on level 4 of the Dungeon)

   It affects your intelligence (+6).
   It may corrode you when you take damage.
 x - a +2 pair of boots (worn)
 G - a +0 cloak of poison resistance (worn)
Jewellery
 h - an amulet of regeneration (around neck)
 i - an uncursed amulet of rage
 o - an uncursed ring of flight
 t - a ring of positive energy (right hand)
 K - a ring of protection from cold (left hand)
 L - an uncursed ring of fire {unknown}
Wands
 w - a wand of enslavement (8/24)
 y - a wand of iceblast (7/15)
 z - a wand of random effects (28/48)
 I - a wand of slowing (19/48)
Scrolls
 d - 4 scrolls of teleportation
 e - 3 scrolls of amnesia
 g - a scroll of immolation
 j - 5 scrolls of enchant weapon
 k - 6 scrolls of remove curse
 q - 2 scrolls of recharging
 B - 2 scrolls of fear
 D - a scroll of magic mapping
 E - 2 scrolls of identify
Potions
 b - a potion of haste
 f - a potion of flight
 n - 2 potions of degeneration {unknown}
 s - a potion of cancellation {unknown}
 u - a potion of heal wounds
 v - a potion of agility {unknown}
 A - a potion of experience {unknown}
 C - 2 potions of curing
 J - a potion of cure mutation {unknown}
Books
 m - a book of Cantrips

   Spells                             Type                      Level
   a - Confusing Touch                Hexes                        1
   b - Animate Skeleton               Necromancy                   1
   c - Summon Small Mammal            Summoning                    1
   d - Apportation                    Translocation                1
 r - a book of Changes

   Spells                             Type                      Level
   a - Beastly Appendage              Transmutation                1
   b - Sticks to Snakes               Transmutation                2
   c - Spider Form                    Transmutation/Poison         3
   d - Ice Form                       Ice/Transmutation            4
   e - Blade Hands                    Transmutation                5
 F - a book of Callings

   Spells                             Type                      Level
   a - Summon Small Mammal            Summoning                    1
   b - Call Imp                       Summoning                    2
   c - Call Canine Familiar           Summoning                    3
   d - Summon Guardian Golem          Hexes/Summoning              3
   e - Summon Lightning Spire         Summoning/Air                4
   f - Summon Ice Beast               Ice/Summoning                4
Comestibles
 c - 5 bread rations
 M - 2 fruits


   Skills:
 + Level 9.6 Fighting
 + Level 10.6 Axes
 - Level 2.4 Dodging
 - Level 1.5 Stealth
 * Level 12.6 Invocations


You had 9 spell levels left.
You didn't know any spells.

Dungeon Overview and Level Annotations

Branches:
Dungeon (8/15)             Temple (0/1) D:6
   Lair: D:8-11

Altars:
Ashenzari
Cheibriados
Dithmenos
Elyvilon
Fedhas
Gozag
Kikubaaqudgha
Makhleb
Ru
Vehumet
The Shining One

Shops:
D:4 ([[?(


Innate Abilities, Weirdness & Mutations

You have a pair of small antennae on your head.
You are surrounded by a mild repulsion field. (EV +2)
Your mind is acute. (Int +2)
Your natural rate of healing is unusually fast.
Your spells are a little harder to cast, but a little more powerful.


Message History

The orc warrior is severely wounded.
The orc warrior hits you with a halberd of protection!
You hit the orc warrior but do no damage.
The orc warrior is severely wounded.
You hit the orc warrior but do no damage.
The orc warrior is severely wounded.
The orc warrior hits you with a halberd of protection!
* * * LOW HITPOINT WARNING * * *
You hit the orc warrior.
You feel better.
The orc warrior is severely wounded.
The orc warrior hits you with a halberd of protection!!
* * * LOW HITPOINT WARNING * * *
You are too injured to fight recklessly!
You hit the orc warrior but do no damage.
The orc warrior is severely wounded.
You are too injured to fight recklessly!
You closely miss the orc warrior.
The orc warrior is severely wounded.
The orc warrior hits you with a halberd of protection!
You die...

#.# #.# ######## #.#
.......#####.##
#####........#
##...#..####..##########
#.......####..#........#
#......o........######.#
#.....)@##......# #.#
##...#..##(.....# ###.#
##.##........(.# #...#
......###......# #.###
######.#####.#.## #.#
#.........# #.#
######...## #.#
##.....## #.###
##.......## #.#.#


You could see an orc warrior.

Vanquished Creatures
  Pikel (D:4)
  Sigmund (D:5)
  A wyvern (D:8)
  Edmund (D:6)
  2 ice beasts (D:7)
  A sky beast (D:8)
  3 slaves (D:4)
  2 orc warriors
  2 ogres (D:6)
  5 centaurs
  2 bullfrogs
  2 scorpions
  7 crimson imps
  A jelly (D:8)
  A quasit (D:8)
  3 hounds
  6 orc priests
  A centaur skeleton (D:5)
  11 orc wizards
  Crazy Yiuf (D:7)
  2 iguanas (D:4)
  2 worker ants
  A howler monkey zombie (D:6)
  10 gnolls
  A howler monkey skeleton (D:4)
  13 adders
  An ooze (D:5)
  A worm (D:3)
  A dart slug (D:1)
  6 leopard geckos
  31 orcs
  5 giant cockroaches
  9 goblins
  8 hobgoblins
  11 jackals
  5 kobolds
  A quokka (D:4)
  9 bats
  4 frilled lizards
  6 rats
181 creatures vanquished.

Vanquished Creatures (collateral kills)
  The ghost of Raine357 the Ruffian, a novice TrMo of Cheibriados (D:5)
  Grinder (D:4)
  Eustachio (D:4)
  The ghost of Heartnet the Chopper, an amateur HOMo (D:4)
  2 orc priests (D:4)
  2 orc wizards (D:4)
  5 orcs (D:4)
13 creatures vanquished.

Vanquished Creatures (others)
  A hound skeleton (D:4)
1 creature vanquished.

Grand Total: 195 creatures vanquished

Notes
Turn   | Place    | Note
-------+----------+-------------------------------------------
     0 | D:1      | Eucla the Hill Orc Monk began the quest for the Orb.
     0 | D:1      | Reached XP level 1. HP: 19/19 MP: 1/1
   263 | D:1      | Reached XP level 2. HP: 15/27 MP: 2/2
   764 | D:1      | Reached XP level 3. HP: 28/33 MP: 3/3
  1024 | D:2      | Gained mutation: Your natural rate of healing is unusually fast. [potion of mutation]
  1024 | D:2      | Gained mutation: Your spells are a little harder to cast, but a little more powerful. [potion of mutation]
  1033 | D:2      | Reached skill level 5 in Axes
  1049 | D:2      | Reached XP level 4. HP: 25/41 MP: 4/4
  1130 | D:2      | Found a snail-covered altar of Cheibriados.
  1130 | D:2      | Found a blossoming altar of Fedhas.
  1130 | D:2      | Found a burning altar of Makhleb.
  1130 | D:2      | Found a radiant altar of Vehumet.
  1157 | D:2      | Found an opulent altar of Gozag.
  1157 | D:2      | Found a sacrificial altar of Ru.
  1226 | D:2      | Became a worshipper of Makhleb the Destroyer
  1226 | D:2      | Reached * piety under Makhleb
  1226 | D:2      | Reached ** piety under Makhleb
  1323 | D:2      | Reached skill level 1 in Invocations
  1448 | D:3      | Found a shattered altar of Ashenzari.
  1664 | D:3      | Reached XP level 5. HP: 47/47 MP: 6/6
  1810 | D:3      | Reached skill level 2 in Invocations
  1877 | D:3      | Reached skill level 5 in Fighting
  2049 | D:3      | Found a shadowy altar of Dithmenos.
  2134 | D:2      | Reached skill level 3 in Invocations
  2526 | D:4      | Found Ligh's Antique Weapon Shoppe.
  2540 | D:4      | Found Tuylexyun's Antique Armour Shoppe.
  2543 | D:4      | Found Hinoso Tieki's Magic Scroll Shoppe.
  2547 | D:4      | Found Epoofuev's Antique Armour Shoppe.
  2564 | D:4      | Reached *** piety under Makhleb
  2564 | D:4      | Reached XP level 6. HP: 36/56 MP: 8/8
  2598 | D:4      | Bought a faintly humming chain mail for 237 gold pieces
  2608 | D:4      | Identified the +2 chain mail "Selanir" {*Corrode Int+6} (You bought it in a shop on level 4 of the Dungeon)
  2733 | D:4      | Noticed Heartnet's ghost (amateur HOMo)
  2747 | D:4      | Killed Heartnet's ghost
  2747 | D:4      | Reached skill level 4 in Invocations
  2852 | D:4      | Found Yvos's Weapon Boutique.
  2852 | D:4      | Noticed Grinder
  2859 | D:4      | Killed Grinder
  2859 | D:4      | Reached skill level 5 in Invocations
  2859 | D:4      | Reached XP level 7. HP: 60/62 MP: 10/10
  2943 | D:4      | HP: 2/63 [orc/club (3)]
  2974 | D:4      | Noticed Eustachio
  2980 | D:4      | Killed Eustachio
  3302 | D:5      | Entered Level 5 of the Dungeon
  3310 | D:5      | Reached skill level 6 in Invocations
  3330 | D:5      | Noticed Raine357's ghost (novice TrMo)
  3351 | D:5      | Killed Raine357's ghost
  3351 | D:5      | Reached skill level 7 in Invocations
  3351 | D:5      | Reached XP level 8. HP: 20/71 MP: 11/13
  3661 | D:5      | Reached skill level 8 in Invocations
  3998 | D:5      | Noticed Sigmund
  4004 | D:5      | Reached **** piety under Makhleb
  4034 | D:5      | Killed Sigmund
  4034 | D:5      | Reached skill level 9 in Invocations
  4336 | D:5      | Reached XP level 9. HP: 77/81 MP: 14/16
  4442 | D:4      | Noticed Pikel
  4463 | D:4      | Killed Pikel
  4463 | D:4      | Reached skill level 10 in Invocations
  5301 | D:6      | Reached skill level 11 in Invocations
  5361 | D:6      | Noticed Edmund
  5375 | D:6      | Killed Edmund
  5669 | D:6      | Found a staircase to the Ecumenical Temple.
  5729 | D:7      | Reached skill level 10 in Axes
  5818 | D:7      | Found a glowing golden altar of the Shining One.
  5866 | D:7      | Found a runed door.
  5975 | D:7      | Reached XP level 10. HP: 86/91 MP: 18/18
  5987 | D:7      | Reached skill level 12 in Invocations
  6315 | D:7      | Noticed Crazy Yiuf
  6323 | D:7      | Killed Crazy Yiuf
  6393 | D:8      | Reached ***** piety under Makhleb
  6586 | D:8      | Gained mutation: Your mind is acute. (Int +2) [mutagenic meat]
  6588 | D:8      | Gained mutation: You are surrounded by a mild repulsion field. (EV +2) [mutagenic meat]
  6589 | D:8      | Gained mutation: You have a pair of small antennae on your head. [mutagenic meat]
  6783 | D:8      | Found an ancient bone altar of Kikubaaqudgha.
  6783 | D:8      | Found a white marble altar of Elyvilon.
  7119 | D:8      | Slain by an orc warrior

Skill      XL: |  1  2  3  4  5  6  7  8  9 10 |
---------------+-------------------------------+-----
Fighting       | 4 5 6 7 9 |  9.6
Axes           | 5 6 7 8 9 10 | 10.6
Invocations    | 1 3 5 7 9 11 12 | 12.6
Dodging        | |  2.4
Stealth        | |  1.5

Action                   |  1- 3 |  4- 6 |  7- 9 | 10-12 || total
-------------------------+-------+-------+-------+-------++-------
Melee: Hand axe          |   127 |   109 |       |   161 ||   397
       War axe           |       |   112 |   314 |    18 ||   444
Invok: Lesser Servant of |       |     1 |     2 |       ||     3
  Use: Potion            |     2 |     1 |     2 |       ||     5
       Scroll            |       |       |    16 |       ||    16
 Stab: Distracted        |       |       |     1 |       ||     1
  Eat: Chunk             |       |     5 |       |     4 ||     9
       Fruit             |       |     4 |     1 |       ||     5
       Pizza             |       |     1 |       |       ||     1
       Meat ration       |       |       |     1 |     1 ||     2
       Royal jelly       |       |       |     1 |       ||     1
       Bread ration      |       |       |       |     1 ||     1
Armor: Robe              |     7 |       |       |       ||     7
       Chain mail        |    43 |   165 |   239 |    96 ||   543
Dodge: Dodged            |    48 |    92 |   111 |    55 ||   306
